hobo, neutral male human Monk -------- ----- |.......# ------- --------## |...| |......|# |.....| |......|# |...| #.......|# |.....| |......|# |%..| ###|......|# |$.... |......|# |...| # |......|# |.<. |?......# |...| ### ---.----# -@- ....... ####0 |.<..# # ## # @ ##----#-- ### -----### # # # #######%##### # # ### ### ) # # # #----- # ### # #|.++| # # # #|.++| # # # #-.++| # # --|-- ----- -.------### |...| |......|## |...| |......-## |...| -------- ----- hobo the Initiate Experience level: 6 Strength: 17 Dexterity: 13 Constitution: 13 Intelligence: 15 Wisdom: 12 Charisma: 10 Health: 0(39) Energy: 20(28) AC: 1 Gold: 340 Moves: 1175 Your Inventory: Coins $ - 340 gold pieces Weapons u - 12 [cursed -1] darts Armor a - an uncursed +2 pair of leather gloves (being worn) b - an uncursed burnt +1 robe (being worn) s - an [uncursed] +0 pair of speed boots (being worn) Comestibles f - 3 uncursed food rations h - 4 uncursed oranges i - 3 uncursed fortune cookies Scrolls t - an [uncursed] unlabeled scroll [of blank paper] Spellbooks c - a blessed spellbook of protection q - a [cursed] dark spellbook [of cure blindness] Potions e - an uncursed potion of healing v - an [uncursed] puce potion [of gain ability] x - an [uncursed] indigo potion [of fruit juice] Rings j - a cursed ring of regeneration (on right hand) Tools o - an [uncursed] blindfold Gems F - an [uncursed] blue gem [worthless glass] Spells known in the end: Name Level Category Fail Memory a - protection 1 clerical 0% [||||||||] Your skills at the end: Fighting Skills martial arts [Basic / Grand Master] Weapon Skills Spellcasting Skills healing spells [Basic / Expert] Final Attributes: You were devoutly aligned. Hunger level was 211. Your alignment was 15 / 15. Monster difficulty range was 1 - 6. Level difficulty was 7. You were immune to sleep. You were immune to poison. You saw invisible. You were stealthy. You regenerated. You were protected. You were very fast. Your luck was zero. You are dead. Vanquished creatures: a wolf a brown pudding a yeti a gold golem a Green-elf a dingo a raven an imp a wax golem an iguana 2 acid blobs a hobbit 2 jackals 3 kobolds a goblin 2 grid bugs 2 lichens 2 newts 25 creatures vanquished. Voluntary challenges: You were an atheist. You pretended to be a vegetarian. You never hit with a wielded weapon. You read items or engraved 3 times. You put on armor 3 times. You never genocided any monsters. You never polymorphed an object. You never changed form. You used no wishes. You never wrote Elbereth's name. You never encountered a bones level. You never used any Sokoban shortcuts. Dungeon overview: The Dungeons of Doom: levels 1 to 7 Level 1 a long staircase Level 2 a delicatessen Level 3 an armor shop, some fountains Level 4 a fountain a long staircase Level 6 many fountains Level 7 <- You were here a bookstore a long staircase History has recorded: On T:1 you entered the Dungeons of Doom to retrieve the Amulet of Yendor! On T:281 you reached level 2 of The Dungeons of Doom. On T:377 you advanced to experience level 2. On T:569 you advanced to experience level 3. On T:673 you reached level 3 of The Dungeons of Doom. On T:824 you reached level 4 of The Dungeons of Doom. On T:872 you advanced to experience level 4. On T:886 you reached level 6 of The Dungeons of Doom. On T:914 you advanced to experience level 5. On T:1062 you reached level 7 of The Dungeons of Doom. On T:1077 you advanced to experience level 6. Latest messages: You hit the Green-elf! The Green-elf swings his runed broadsword. The Green-elf hits! [HP-10=27] You kill the Green-elf! [HP+1=28] The Green-elf swings her runed broadsword. The Green-elf hits! [HP-14=14] [HP+1=15] The Green-elf picks up a runed broadsword. The air around you begins to shimmer with a golden haze. [HP+1=16] The Green-elf swings her runed broadsword. The Green-elf hits! [HP-13=3] You hit the Green-elf! [HP+1=4] You hit the Green-elf! The Green-elf swings her runed broadsword. The Green-elf hits! You die... Final status: Punardarsanaya hobo the Monk... You died in The Dungeons of Doom on dungeon level 7 with 2680 points, and 340 pieces of gold, after 1175 moves. You were level 6 with a maximum of 39 hit points when you died.